cohdb
Replays
Latest Replays
All Replays
Popular Replays
Top Player Replays
Match Explorer
How It Works
Community
CoH3 Stats
Reddit
Sign in to upload your games and track your stats! →
Sign in with Steam
Match 41541722
Unlisted
Match 41541722
Overview
Messages
Build Orders
End
Kradschützen Motorcycle Team
Panzerpioneer Squad
Selects Armored Support Battlegroup
Panzerpioneer Squad
Panzerpioneer Squad
Construct Light Support Kompanie
Fire Support Elements
Assault Grenadier Squad
2.5-tonne Medical Truck
Panzerjäger Mechanized Group
Selects Veteran Gunners
Selects Salvage Kits
Combat Half-tracks
Flakvierling Half-track
Construct Mechanized Kompanie
Vehicle Survival Package
254 Reconnaissance Tractor
Emergency Repair Kits
Assault Grenadier Squad
Construct Panzerarmee Kommand
Pak 38 Mechanized Group
Walking Stuka Rocket Launcher
PINOCHET
Vondorberg
Farlion
Pob
0
0
Comments
sign in to comment!
No comments posted yet!